 Dungeon Crawl Stone Soup version 0.26-a0-996-g6b303dbc09 (webtiles) character file.

Game seed: 17240465189451761455

46 Morbidden the Insei (level 3, -9/26 HPs)
             Began as a Demonspawn Transmuter on Dec 6, 2020.
             Was an Initiate of Vehumet.
             Engulfed by a cloud of flame (19 damage)
             ... on level 2 of the Dungeon.
             The game lasted 00:02:41 (3079 turns).

Morbidden the Insei (Demonspawn Transmuter)         Turns: 3079, Time: 00:02:42

Health: -9/26      AC:  3    Str: 10    XL:     3   Next: 44%
Magic:  6/6        EV: 12    Int: 15    God:    Vehumet [......]
Gold:   44         SH:  0    Dex: 13    Spells: 5/6 levels left

rFire    . . .     SeeInvis .     - Unarmed
rCold    . . .     Faith    .   (no shield)
rNeg     . . .     Spirit   .   a - +0 robe
rPois    .         Reflect  .   (no helmet)
rElec    .         Harm     .   (no cloak)
rCorr    .         Rampage  .   c - +0 pair of gloves
MR       .....                  (no boots)
Stlth    +.........             (no amulet)
HPRegen  0.08/turn              (no ring)
MPRegen  0.10/turn              (no ring)

@: no status effects
A: rot immunity
a: Renounce Religion


You were on level 2 of the Dungeon.
You worshipped Vehumet.
Vehumet was noncommittal.
You visited 1 branch of the dungeon, and saw 2 of its levels.

You collected 44 gold pieces.

Inventory:

Missiles
 d - 18 poisoned darts (quivered)
Armour
 a - a +0 robe (worn)
 c - a +0 pair of gloves (worn)
 j - a +1 helmet
Jewellery
 h - an uncursed ring of wizardry {unknown}
 k - an uncursed ring of resist corrosion {unknown}
Scrolls
 b - a scroll of blinking {unknown}
 e - a scroll of random uselessness {unknown}
 f - 2 scrolls of teleportation {unknown}
 g - a scroll of immolation {unknown}
 l - 2 scrolls of identify {unknown}
Potions
 i - a potion of magic {unknown}
 m - a potion of invisibility {unknown}
 n - a potion of lignification {unknown}


   Skills:
 * Level 1.3 Fighting
 + Level 0.5 Throwing
 + Level 1.9 Dodging
 + Level 0.1 Stealth
 + Level 3.2 Unarmed Combat
 * Level 2.3 Spellcasting
 * Level 2.2 Transmutations


You had 5 spell levels left.
You knew the following spells:

 Your Spells              Type           Power        Failure   Level
a - Beastly Appendage     Tmut           #.....       9%          1

Your spell library contained the following spells:

 Spells                   Type           Power        Failure   Level
 Wereblood                Tmut           #.......     13%         2
 Spider Form              Tmut/Pois      #.........   38%         3
 Ice Form                 Ice/Tmut       #.......     80%         4
 Blade Hands              Tmut           #.........   94%         5


Dungeon Overview and Level Annotations

Branches:
Dungeon (2/15)

Altars:
Vehumet

Annotations:
D:2 1 runed translucent door, Crazy Yiuf


Innate Abilities, Weirdness & Mutations

You are immune to rotting.


Message History

Press < or > to pray at altars.
Casting: Beastly Appendage (safe; 9% risk of failure)
Confirm with . or Enter, or press ? or * to list all spells.
You don't know that spell.
Unknown command.
Press < or > to pray at altars.
Unknown command.
Press < or > to pray at altars.
You kneel at the altar of Vehumet.
Vehumet welcomes you!
Unknown command.
Press < or > to pray at altars.
Really walk into a travel-excluded area?
Okay, then.
Really walk into a travel-excluded area? [Y]es or [N]o only, please.
Really walk into a travel-excluded area?
You are engulfed in blazing flames.
Ouch! That really hurt!
You die...

#....# #.... .# # .# #
.####### ##### #........
#.... #.#######.........
#....
..$.....§.........##....
#°@.○○........+....
#.####.._..........#....
#.....)☼)○..(...........
######.☼..○........#####
##............#
#.####+#####.# #.#
.........# #.#
##.####.## #.# #.#


There were no monsters in sight!

Vanquished Creatures
  An adder (D:2)
  An ooze (D:1)
  A leopard gecko (D:2)
  6 bats
  A giant cockroach (D:1)
  8 goblins (D:1)
  3 hobgoblins
  4 kobolds
  4 rats
29 creatures vanquished.

Vanquished Creatures (others)
  A hobgoblin (D:2)
  2 fungi (D:2)
3 creatures vanquished.

Grand Total: 32 creatures vanquished

Notes
Turn   | Place    | Note
-------+----------+-------------------------------------------
     0 | D:1      | Morbidden the Demonspawn Transmuter began the quest for the
                  | Orb.
     0 | D:1      | Reached XP level 1. HP: 15/15 MP: 3/3
   230 | D:1      | Reached skill level 3 in Unarmed Combat
   230 | D:1      | Gained mutation: You are immune to rotting. [demonic
                  | ancestry]
   230 | D:1      | Reached XP level 2. HP: 21/21 MP: 5/5
  1323 | D:1      | Reached XP level 3. HP: 7/26 MP: 4/6
  2788 | D:2      | Found a runed translucent door.
  2789 | D:2      | Noticed Crazy Yiuf
  3068 | D:2      | Found a radiant altar of Vehumet.
  3078 | D:2      | Became a worshipper of Vehumet
  3079 | D:2      | Engulfed by a cloud of flame

Illustrated notes

Levels and vault maps discovered:
D:1:      matt_arrival_spirals, layout_basic
D:2:      layout_basic, gammafunk_temple_overflow_claw, fiery_altar_vehumet,
          uniq_jessica, uniq_crazy_yiuf_cottage

Skill      XL: |  1  2 |
---------------+-------+-----
Unarmed Combat | 3 |  3.2
Transmutations | 2 |  2.2
Fighting       | |  1.3
Throwing       | |  0.5
Dodging        | |  1.9
Stealth        | |  0.1
Spellcasting   | |  2.3

Action                   || total
-------------------------++-------
Melee: Unarmed           ||   118
       Kick              ||    19
       Headbutt          ||     7
       Punch             ||     1
Throw: Dart              ||    16
 Cast: Beastly Appendage ||    18
 Stab: Sleeping          ||     1
Armor: Robe              ||    26
Dodge: Dodged            ||    82

Table legend: (Time is in decaauts)
 A = Elapsed time spent in this place.
 B = Non-inter-level travel time spent in this place.
 C = Inter-level travel time spent in this place.
 D = Time resting spent in this place.
 E = Time spent auto-exploring this place.
 F = Levels seen in this place.
 G = Mean time per level.
                   A        B        C        D        E       F      G
               +--------+--------+--------+--------+--------+-----+--------+
         Total |   3071 |   3044 |     27 |   1046 |   1690 |   2 | 1535.5 |
       Dungeon |   3071 |   3044 |     27 |   1046 |   1690 |   2 | 1535.5 |
               +--------+--------+--------+--------+--------+-----+--------+

Top non-repeatable levels by time:
     D:1: 1771 daAuts
     D:2: 1300 daAuts
